Kings vs Blackhawks
Created - 18 mars 2014 at 20:44
Goals
|
| Kings |
0 |
3 |
0 |
3 |
| Blackhawks |
3 |
1 |
1 |
5 |
|
Shots
|
| Kings |
12 |
16 |
6 |
34 |
| Blackhawks |
10 |
10 |
9 |
29 |
|
1st period
1. Blackhawks , Kris Versteeg 49 (Joe Sakic) at 12:53
2. Blackhawks , Scott Gomez 33 (Stephane Robidas, Hnat Domenichelli) at 14:08
3. Blackhawks , Loui Eriksson 12 (Stephane Robidas) at 16:07
Penalties :
No Penalty
2nd period
4. Blackhawks , Dominic Moore 19 (Christian Ehrhoff, Brent Burns) at 1:00
5. Kings , Henrik Zetterberg 31 (Adrian Aucoin, Jay Bouwmeester) at 1:14
6. Kings , Patrick Kane 38 (Jay Bouwmeester) at 11:51
7. Kings , Henrik Zetterberg 32 (Patric Hornqvist, Adrian Aucoin) at 16:16
Penalties :
Joe Sakic (Chi) for Boarding (Minor) at 6:30, Rene Bourque (Chi) for Slashing (Minor) at 12:42
3rd period
8. Blackhawks , Christian Ehrhoff 6 (Daniel Carcillo, Chris Campoli) at 18:00
Penalties :
Jocelyn Thibault (Chi) for Slashing (Minor) at 2:53 - Rene Bourque served the penalty, Matt Pettinger (LAK) for Holding (Minor) at 10:20, Chris Campoli (Chi) for Hooking (Minor) at 13:45, Chris Gratton (Chi) for Interference (Minor) at 18:16
Goalie Stats
Michal Neuvirth (LAK), 7 saves from 11 shots - (0,636), L, 17-19-3, 21:00 minutes
Tyler Weiman (LAK), 17 saves from 18 shots - (0,944), 39:00 minutes
Jocelyn Thibault (Chi), 31 saves from 34 shots - (0,912), W, 8-6-2, 60:00 minutes
Players Stats for Kings
Player Name G A P +/- PIM S H SB GA TA FO MP PP MP PK MP
------------------------------------------------------------------------------------
Adrian Aucoin 0 2 2 -1 0 3 2 0 1 0 0/0 23:34 3:56 0:00
Anze Kopitar 0 0 0 1 0 5 2 1 0 0 13/35 22:20 5:38 0:36
Boyd Devereaux 0 0 0 0 0 0 1 0 0 0 6/14 14:44 0:00 1:04
Colton Orr 0 0 0 0 0 0 2 0 0 0 0/0 8:46 0:09 0:00
Derek Boogaard 0 0 0 1 0 1 2 1 0 1 0/1 20:15 3:24 0:36
Henrik Zetterberg 2 0 2 0 0 6 1 0 1 0 1/1 19:13 5:56 0:00
Jay Bouwmeester 0 2 2 -1 0 5 2 1 1 0 0/0 26:53 5:43 0:58
Johnny Oduya 0 0 0 0 0 0 1 3 0 0 0/0 18:52 3:56 1:01
Keith Tkachuk 0 0 0 0 0 3 2 0 1 0 0/0 9:14 0:18 0:19
Ladislav Smid 0 0 0 0 0 0 0 1 0 0 0/0 12:26 0:00 0:25
Matt Pettinger 0 0 0 -3 2 0 1 1 0 0 0/0 9:59 0:00 0:00
Mike Cammalleri 0 0 0 -3 0 0 0 0 0 0 5/6 13:56 3:43 0:00
Pascal Dupuis 0 0 0 -3 0 0 1 0 0 2 0/1 11:48 0:28 1:04
Patric Hornqvist 0 1 1 0 0 2 2 1 1 0 0/0 17:12 3:43 0:00
Patrick Kane 1 0 1 1 0 6 0 0 1 0 1/1 21:44 5:38 0:00
Randy Robitaille 0 0 0 0 0 1 1 0 0 0 1/2 8:49 0:00 0:19
Sergei Gonchar 0 0 0 -1 0 1 1 0 0 2 0/0 22:14 5:43 0:33
Travis Hamonic 0 0 0 -1 0 1 0 0 0 0 0/0 16:01 0:00 1:01
Players Stats for Blackhawks
Player Name G A P +/- PIM S H SB GA TA FO MP PP MP PK MP
------------------------------------------------------------------------------------
Brent Burns 0 1 1 2 0 3 1 3 2 1 0/0 27:38 0:54 5:48
Chris Campoli 0 1 1 -1 2 1 0 1 0 0 0/0 12:13 0:00 0:00
Chris Gratton 0 0 0 1 2 1 2 0 0 0 3/6 12:05 0:00 2:09
Christian Ehrhoff 1 1 2 2 0 3 2 3 0 1 0/0 27:38 0:54 5:48
Colby Armstrong 0 0 0 1 0 1 1 0 1 1 0/0 9:39 0:00 0:00
Daniel Carcillo 0 1 1 2 0 0 1 0 0 0 0/0 9:44 0:00 1:19
Dominic Moore 1 0 1 2 0 1 1 0 0 0 0/0 8:55 0:00 0:48
George Parros 0 0 0 0 0 0 5 0 0 0 0/0 20:27 1:02 2:25
Hnat Domenichelli 0 1 1 -1 0 1 1 0 0 1 0/1 14:15 0:57 0:00
Joe Sakic 0 1 1 0 2 4 1 0 0 0 23/35 22:29 1:02 4:26
Kris Versteeg 1 0 1 0 0 5 2 0 1 1 2/2 23:46 1:02 5:46
Loui Eriksson 1 0 1 1 0 1 1 0 0 0 0/0 9:39 0:00 0:00
Rene Bourque 0 0 0 -1 2 1 4 1 0 0 0/1 14:24 0:57 0:00
Richard Matvichuk 0 0 0 -1 0 0 1 1 0 0 0/0 12:04 0:00 0:00
Scott Gomez 1 0 1 -1 0 5 1 0 1 1 6/16 16:42 0:57 2:25
Stephane Robidas 0 2 2 1 0 1 0 1 0 0 0/0 20:18 1:05 3:51
Steve Bernier 0 0 0 2 0 0 0 0 0 0 0/0 8:03 0:00 0:00
Steve McCarthy 0 0 0 1 0 1 3 3 0 0 0/0 20:18 1:05 3:51
3 Stars
1 - Christian Ehrhoff (Chi)
2 - Henrik Zetterberg (LAK)
3 - Dominic Moore (Chi)
Power Play
Kings - 0 on 5 Attempt(s) - 0,00%
Blackhawks - 0 on 1 Attempt(s) - 0,00%
Penalty Kill
Kings - 1 on 1 Attempt(s) - 100,00%
- Score 0 goal in Penalty Kill
Blackhawks - 5 on 5 Attempt(s) - 100,00%
- Score 0 goal in Penalty Kill
Official
Referees : Kimmerly Greg and VanMassenhoven Don
Linesman : Michel Cormier and Mike Cvik
Game Notes
Tyler Weiman enters game at 1:00 of 2nd period
Finance
Level 1 -- Attendance: 4868 (81,13%) -- Ticket Income 428 384 $
Level 2 -- Attendance: 3604 (72,08%) -- Ticket Income 191 012 $
Level 3 -- Attendance: 1341 (67,05%) -- Ticket Income 45 594 $
Level 4 -- Attendance: 2582 (64,55%) -- Ticket Income 56 804 $
Luxury Box -- Attendance: 905 (90,50%) -- Ticket Income 149 325 $
Game was played at the Chicago Stadium
Total Attendance: 13300 (73,89%)
Total Ticket Income: 871 119 $
Other Income: 130 668 $
Total Income: 1 001 787 $
Kings
5 vs 5 Forward
Center Left Wing Right Wing Time % Phy DF OF
1 Anze Kopitar Derek Boogaard Patrick Kane 40 1 2 2
2 Boyd Devereaux Henrik Zetterberg Patric Hornqvist 35 1 2 2
3 Mike Cammalleri Matt Pettinger Pascal Dupuis 15 1 2 2
4 Randy Robitaille Keith Tkachuk Colton Orr 10 1 2 2
5 vs 5 Defense
Defense Defense Time % Phy DF OF
1 Adrian Aucoin Jay Bouwmeester 40 1 2 2
2 Sergei Gonchar Travis Hamonic 30 1 2 2
3 Johnny Oduya Ladislav Smid 20 1 2 2
4 Johnny Oduya Jay Bouwmeester 10 1 2 2
PowerPlay Forward
Center Left Wing Right Wing Time % Phy DF OF
1 Anze Kopitar Henrik Zetterberg Patrick Kane 60 1 2 2
2 Mike Cammalleri Derek Boogaard Patric Hornqvist 40 1 2 2
PowerPlay Defense
Defense Defense Time % Phy DF OF
1 Sergei Gonchar Jay Bouwmeester 60 1 2 2
2 Johnny Oduya Adrian Aucoin 40 1 2 2
Penalty Kill 4 Players Forward
Center Wing Time % Phy DF OF
1 Boyd Devereaux Pascal Dupuis 60 1 2 2
2 Randy Robitaille Keith Tkachuk 40 1 2 2
Penalty Kill 4 Players Defense
Defense Defense Time % Phy DF OF
1 Johnny Oduya Travis Hamonic 60 1 2 2
2 Ladislav Smid Jay Bouwmeester 40 1 2 2
Penalty Kill - 3 Players Forward
Forward Time % Phy DF OF
1 Boyd Devereaux 60 1 2 2
2 Anze Kopitar 40 1 2 2
Penalty Kill - 3 Players Defense
Defense Defense Time % Phy DF OF
1 Johnny Oduya Jay Bouwmeester 60 1 2 2
2 Ladislav Smid Travis Hamonic 40 1 2 2
4 vs 4 Forward
Center Wing Time % Phy DF OF
1 Anze Kopitar Patrick Kane 60 1 2 2
2 Henrik Zetterberg Mike Cammalleri 40 1 2 2
4 vs 4 Defense
Defense Defense Time % Phy DF OF
1 Jay Bouwmeester Adrian Aucoin 60 1 2 2
2 Sergei Gonchar Johnny Oduya 40 1 2 2
Last Minutes Offensive
Center Left Wing Right Wing Defense Defense
Anze Kopitar Henrik Zetterberg Patrick Kane Sergei Gonchar Jay Bouwmeester
Last Minutes Defensive
Center Left Wing Right Wing Defense Defense
Boyd Devereaux Derek Boogaard Pascal Dupuis Johnny Oduya Jay Bouwmeester
Goaltenders
Starting : Michal Neuvirth
Backup : Tyler Weiman
Extra Forwards
Normal : Mike Cammalleri, Pascal Dupuis, Matt Pettinger - PP : Pascal Dupuis, Keith Tkachuk - PK : Anze Kopitar
Extra Defensemen
Normal : Johnny Oduya, Sergei Gonchar, Ladislav Smid - PP : Ladislav Smid - PK : Sergei Gonchar, Adrian Aucoin
Penalty Shots
Anze Kopitar, Mike Cammalleri, Patrick Kane, Henrik Zetterberg, Patric Hornqvist
Blackhawks
5 vs 5 Forward
Center Left Wing Right Wing Time % Phy DF OF
1 Joe Sakic Kris Versteeg George Parros 40 1 2 2
2 Scott Gomez Hnat Domenichelli Rene Bourque 30 1 2 2
3 Chris Gratton Loui Eriksson Colby Armstrong 20 1 2 2
4 Dominic Moore Daniel Carcillo Steve Bernier 10 1 2 2
5 vs 5 Defense
Defense Defense Time % Phy DF OF
1 Brent Burns Christian Ehrhoff 40 1 2 2
2 Stephane Robidas Steve McCarthy 30 1 2 2
3 Chris Campoli Richard Matvichuk 20 1 2 2
4 Brent Burns Christian Ehrhoff 10 1 2 2
PowerPlay Forward
Center Left Wing Right Wing Time % Phy DF OF
1 Joe Sakic Kris Versteeg George Parros 60 1 2 2
2 Scott Gomez Hnat Domenichelli Rene Bourque 40 1 2 2
PowerPlay Defense
Defense Defense Time % Phy DF OF
1 Brent Burns Christian Ehrhoff 60 1 2 2
2 Stephane Robidas Steve McCarthy 40 1 2 2
Penalty Kill 4 Players Forward
Center Wing Time % Phy DF OF
1 Joe Sakic Kris Versteeg 60 1 2 2
2 George Parros Scott Gomez 40 1 2 2
Penalty Kill 4 Players Defense
Defense Defense Time % Phy DF OF
1 Brent Burns Christian Ehrhoff 60 1 2 2
2 Stephane Robidas Steve McCarthy 40 1 2 2
Penalty Kill - 3 Players Forward
Forward Time % Phy DF OF
1 Joe Sakic 60 1 2 2
2 Kris Versteeg 40 1 2 2
Penalty Kill - 3 Players Defense
Defense Defense Time % Phy DF OF
1 Brent Burns Christian Ehrhoff 60 1 2 2
2 Stephane Robidas Steve McCarthy 40 1 2 2
4 vs 4 Forward
Center Wing Time % Phy DF OF
1 Joe Sakic Kris Versteeg 60 1 2 2
2 George Parros Scott Gomez 40 1 2 2
4 vs 4 Defense
Defense Defense Time % Phy DF OF
1 Brent Burns Christian Ehrhoff 60 1 2 2
2 Stephane Robidas Steve McCarthy 40 1 2 2
Last Minutes Offensive
Center Left Wing Right Wing Defense Defense
Joe Sakic Kris Versteeg George Parros Brent Burns Christian Ehrhoff
Last Minutes Defensive
Center Left Wing Right Wing Defense Defense
Joe Sakic Kris Versteeg George Parros Brent Burns Christian Ehrhoff
Goaltenders
Starting : Jocelyn Thibault
Backup : Roberto Luongo
Extra Forwards
Normal : Colby Armstrong, Loui Eriksson, Chris Gratton - PP : Colby Armstrong, Loui Eriksson - PK : Chris Gratton
Extra Defensemen
Normal : Chris Campoli, Richard Matvichuk, Stephane Robidas - PP : Chris Campoli - PK : Richard Matvichuk, Stephane Robidas
Penalty Shots
Joe Sakic, Kris Versteeg, George Parros, Scott Gomez, Rene Bourque
% Time on Ice - Kings
Lines # - Real PCT - Wanted PCT - Time Play
Normal Forward
1 - 34% - 40% - 16:16
2 - 28% - 35% - 13:39
3 - 21% - 15% - 9:57
4 - 18% - 10% - 8:30
Normal Defense
1 - 40% - 40% - 19:31
2 - 34% - 30% - 16:23
3 - 19% - 20% - 9:21
4 - 6% - 10% - 3:07
PP Forward
1 - 61% - 60% - 5:56
2 - 39% - 40% - 3:43
PP Defense
1 - 59% - 60% - 5:43
2 - 41% - 40% - 3:56
PK Forward
1 - 84% - 60% - 1:40
2 - 16% - 40% - 0:19
PK Defense
1 - 51% - 60% - 1:01
2 - 49% - 40% - 0:58
PK3 Forward
1 - 0% - 60%
2 - 0% - 40%
PK3 Defense
1 - 0% - 60%
2 - 0% - 40%
44 Forward
1 - 0% - 60%
2 - 0% - 40%
44 Defense
1 - 0% - 60%
2 - 0% - 40%
Last Minute Offensive - 0:00
Last Minute Defensive - 0:00
Total
Forward - 60:00
Defense - 60:00
|
% Time on Ice - Blackhawks
Lines # - Real PCT - Wanted PCT - Time Play
Normal Forward
1 - 36% - 40% - 17:20
2 - 28% - 30% - 13:20
3 - 20% - 20% - 9:39
4 - 17% - 10% - 8:03
Normal Defense
1 - 39% - 40% - 18:38
2 - 32% - 30% - 15:22
3 - 25% - 20% - 12:04
4 - 5% - 10% - 2:18
PP Forward
1 - 52% - 60% - 1:02
2 - 48% - 40% - 0:57
PP Defense
1 - 45% - 60% - 0:54
2 - 55% - 40% - 1:05
PK Forward
1 - 75% - 60% - 7:14
2 - 25% - 40% - 2:25
PK Defense
1 - 60% - 60% - 5:48
2 - 40% - 40% - 3:51
PK3 Forward
1 - 0% - 60%
2 - 0% - 40%
PK3 Defense
1 - 0% - 60%
2 - 0% - 40%
44 Forward
1 - 0% - 60%
2 - 0% - 40%
44 Defense
1 - 0% - 60%
2 - 0% - 40%
Last Minute Offensive - 0:00
Last Minute Defensive - 0:00
Total
Forward - 60:00
Defense - 60:00
|
Play by Play
1st period
0:01 of 1st period - Joe Sakic wins face-off versus Anze Kopitar in neutral zone.
0:26 of 1st period - Christian Ehrhoff is hit by Boyd Devereaux and loses puck.
0:35 of 1st period - Wrist shot by Henrik Zetterberg.
0:35 of 1st period - Stopped by Jocelyn Thibault with a rebound.
2:15 of 1st period - Patric Hornqvist is hit by George Parros and loses puck.
2:38 of 1st period - Slapshot by Patrick Kane.
2:38 of 1st period - Deflect By Anze Kopitar.
2:38 of 1st period - Stopped by Jocelyn Thibault without a rebound.
2:39 of 1st period - Anze Kopitar wins face-off versus Scott Gomez in Blackhawks zone.
2:55 of 1st period - Hnat Domenichelli is hit by Sergei Gonchar and loses puck.
3:06 of 1st period - Johnny Oduya is hit by Rene Bourque and loses puck.
3:15 of 1st period - Wrist shot by Patrick Kane.
3:15 of 1st period - Stopped by Jocelyn Thibault with a rebound.
3:17 of 1st period - Wrist shot by Anze Kopitar.
3:17 of 1st period - Shot Misses the Net.
3:19 of 1st period - Slapshot by Jay Bouwmeester.
3:19 of 1st period - Stopped by Jocelyn Thibault without a rebound.
3:20 of 1st period - Joe Sakic wins face-off versus Boyd Devereaux in Blackhawks zone.
3:51 of 1st period - Snap shot by Keith Tkachuk.
3:51 of 1st period - Stopped by Jocelyn Thibault with a rebound.
4:01 of 1st period - Chris Gratton is hit by Keith Tkachuk and loses puck.
4:35 of 1st period - Travis Hamonic is hit by George Parros and loses puck.
5:03 of 1st period - Boyd Devereaux is hit by Rene Bourque and loses puck.
5:16 of 1st period - Slapshot by Brent Burns.
5:16 of 1st period - Stopped by Michal Neuvirth with a rebound.
5:44 of 1st period - Wrist shot by Mike Cammalleri.
5:44 of 1st period - Shot Blocked by Chris Campoli.
6:29 of 1st period - Boyd Devereaux is hit by Christian Ehrhoff and loses puck.
6:47 of 1st period - Chris Gratton is hit by Matt Pettinger and loses puck.
6:56 of 1st period - Colby Armstrong is hit by Johnny Oduya and loses puck.
7:36 of 1st period - Jay Bouwmeester is hit by Daniel Carcillo and loses puck.
8:25 of 1st period - Stephane Robidas is hit by Pascal Dupuis and loses puck.
8:40 of 1st period - Snap shot by Joe Sakic.
8:40 of 1st period - Deflect By Derek Boogaard.
8:40 of 1st period - Shot Misses the Net.
8:40 of 1st period - Puck is out of play.
8:41 of 1st period - Kris Versteeg wins face-off versus Anze Kopitar in Kings zone.
8:48 of 1st period - Johnny Oduya is hit by Joe Sakic.
8:52 of 1st period - Wrist shot by Kris Versteeg.
8:52 of 1st period - Shot Misses the Net.
9:22 of 1st period - Snap shot by Kris Versteeg.
9:22 of 1st period - Shot Misses the Net.
9:25 of 1st period - Icing by Johnny Oduya.
9:26 of 1st period - Scott Gomez wins face-off versus Anze Kopitar in Kings zone.
9:34 of 1st period - Off-side.
9:35 of 1st period - Boyd Devereaux wins face-off versus Scott Gomez in neutral zone.
9:40 of 1st period - Snap shot by Patric Hornqvist.
9:40 of 1st period - Shot Misses the Net.
9:42 of 1st period - Wrist shot by Henrik Zetterberg.
9:42 of 1st period - Deflect By Brent Burns.
9:42 of 1st period - Stopped by Jocelyn Thibault without a rebound.
9:43 of 1st period - Boyd Devereaux wins face-off versus Joe Sakic in Blackhawks zone.
9:46 of 1st period - Snap shot by Patric Hornqvist.
9:46 of 1st period - Stopped by Jocelyn Thibault with a rebound.
9:56 of 1st period - Snap shot by Patric Hornqvist.
9:56 of 1st period - Stopped by Jocelyn Thibault without a rebound.
9:57 of 1st period - Boyd Devereaux wins face-off versus Joe Sakic in Blackhawks zone.
10:00 of 1st period - Wrist shot by Henrik Zetterberg.
10:00 of 1st period - Deflect By Joe Sakic.
10:00 of 1st period - Stopped by Jocelyn Thibault without a rebound.
10:01 of 1st period - Kris Versteeg wins face-off versus Boyd Devereaux in Blackhawks zone.
10:46 of 1st period - Stephane Robidas is hit by Colton Orr and loses puck.
11:05 of 1st period - Jay Bouwmeester is hit by Steve McCarthy and loses puck.
12:51 of 1st period - Slapshot by Joe Sakic.
12:51 of 1st period - Stopped by Michal Neuvirth without a rebound.
12:52 of 1st period - Joe Sakic wins face-off versus Boyd Devereaux in Kings zone.
12:53 of 1st period - Snap shot by Kris Versteeg.
12:53 of 1st period - Goal by Kris Versteeg - Kings : 0 - Blackhawks : 1.
12:54 of 1st period - Joe Sakic wins face-off versus Anze Kopitar in neutral zone.
13:28 of 1st period - Snap shot by Henrik Zetterberg.
13:28 of 1st period - Shot Misses the Net.
13:56 of 1st period - Snap shot by Rene Bourque.
13:56 of 1st period - Shot Misses the Net.
14:00 of 1st period - Wrist shot by Scott Gomez.
14:00 of 1st period - Shot Misses the Net.
14:02 of 1st period - Wrist shot by Stephane Robidas.
14:02 of 1st period - Stopped by Michal Neuvirth with a rebound.
14:04 of 1st period - Snap shot by Steve McCarthy.
14:04 of 1st period - Deflect By Jay Bouwmeester.
14:04 of 1st period - Stopped by Michal Neuvirth with a rebound.
14:06 of 1st period - Backhand shot by Hnat Domenichelli.
14:06 of 1st period - Stopped by Michal Neuvirth with a rebound.
14:08 of 1st period - Snap shot by Stephane Robidas.
14:08 of 1st period - Deflect By Scott Gomez.
14:08 of 1st period - Goal by Scott Gomez - Kings : 0 - Blackhawks : 2.
14:09 of 1st period - Joe Sakic wins face-off versus Anze Kopitar in neutral zone.
14:12 of 1st period - Snap shot by Anze Kopitar.
14:12 of 1st period - Shot Misses the Net.
14:14 of 1st period - Snap shot by Derek Boogaard.
14:14 of 1st period - Stopped by Jocelyn Thibault with a rebound.
14:18 of 1st period - Snap shot by Anze Kopitar.
14:18 of 1st period - Shot Misses the Net.
14:20 of 1st period - Slapshot by Patrick Kane.
14:20 of 1st period - Shot Blocked by Christian Ehrhoff.
14:22 of 1st period - Slapshot by Travis Hamonic.
14:22 of 1st period - Shot Blocked by Brent Burns.
14:24 of 1st period - Snap shot by Sergei Gonchar.
14:24 of 1st period - Shot Blocked by Christian Ehrhoff.
14:57 of 1st period - Chris Campoli is hit by Adrian Aucoin and loses puck.
16:07 of 1st period - Snap shot by Loui Eriksson.
16:07 of 1st period - Goal by Loui Eriksson - Kings : 0 - Blackhawks : 3.
16:08 of 1st period - Joe Sakic wins face-off versus Anze Kopitar in neutral zone.
16:19 of 1st period - Snap shot by Joe Sakic.
16:19 of 1st period - Shot Blocked by Derek Boogaard.
16:21 of 1st period - Snap shot by Christian Ehrhoff.
16:21 of 1st period - Stopped by Michal Neuvirth with a rebound.
16:23 of 1st period - Backhand shot by Brent Burns.
16:23 of 1st period - Shot Misses the Net.
16:33 of 1st period - Derek Boogaard is hit by Christian Ehrhoff and loses puck.
16:38 of 1st period - Slapshot by Colby Armstrong.
16:38 of 1st period - Stopped by Michal Neuvirth without a rebound.
16:39 of 1st period - Chris Gratton wins face-off versus Boyd Devereaux in Kings zone.
16:42 of 1st period - Snap shot by Colby Armstrong.
16:42 of 1st period - Shot Misses the Net.
17:29 of 1st period - Snap shot by Sergei Gonchar.
17:29 of 1st period - Deflect By Christian Ehrhoff.
17:29 of 1st period - Stopped by Jocelyn Thibault without a rebound.
17:30 of 1st period - Anze Kopitar wins face-off versus Scott Gomez in Blackhawks zone.
18:46 of 1st period - Wrist shot by Dominic Moore.
18:46 of 1st period - Shot Misses the Net.
19:28 of 1st period - Snap shot by Keith Tkachuk.
19:28 of 1st period - Stopped by Jocelyn Thibault without a rebound.
19:29 of 1st period - Joe Sakic wins face-off versus Anze Kopitar in Blackhawks zone.
19:38 of 1st period - Off-side.
19:39 of 1st period - Anze Kopitar wins face-off versus Joe Sakic in neutral zone.
19:42 of 1st period - Snap shot by Jay Bouwmeester.
19:42 of 1st period - Shot Blocked by Brent Burns.
Goals for this period are 0 for Kings vs 3 for Blackhawks.
Shots for this period are 12 for Kings vs 10 for Blackhawks.
2nd period
0:01 of 2nd period - Henrik Zetterberg wins face-off versus Joe Sakic in neutral zone.
0:04 of 2nd period - Slapshot by Henrik Zetterberg.
0:04 of 2nd period - Shot Misses the Net.
0:14 of 2nd period - Wrist shot by Kris Versteeg.
0:14 of 2nd period - Shot Misses the Net.
0:49 of 2nd period - Pascal Dupuis is hit by Brent Burns and loses puck.
0:56 of 2nd period - Slapshot by Brent Burns.
0:56 of 2nd period - Shot Blocked by Johnny Oduya.
0:58 of 2nd period - Slapshot by Christian Ehrhoff.
0:58 of 2nd period - Shot Blocked by Matt Pettinger.
1:00 of 2nd period - Wrist shot by Dominic Moore.
1:00 of 2nd period - Goal by Dominic Moore - Kings : 0 - Blackhawks : 4.
1:00 of 2nd period - Tyler Weiman enters game.
1:01 of 2nd period - Joe Sakic wins face-off versus Boyd Devereaux in neutral zone.
1:14 of 2nd period - Snap shot by Henrik Zetterberg.
1:14 of 2nd period - Deflect By Joe Sakic.
1:14 of 2nd period - Goal by Henrik Zetterberg - Kings : 1 - Blackhawks : 4.
1:15 of 2nd period - Joe Sakic wins face-off versus Anze Kopitar in neutral zone.
1:22 of 2nd period - Slapshot by Brent Burns.
1:22 of 2nd period - Stopped by Tyler Weiman with a rebound.
1:24 of 2nd period - Backhand shot by Brent Burns.
1:24 of 2nd period - Stopped by Tyler Weiman without a rebound.
1:25 of 2nd period - Joe Sakic wins face-off versus Anze Kopitar in Kings zone.
1:34 of 2nd period - Wrist shot by Kris Versteeg.
1:34 of 2nd period - Deflect By Anze Kopitar.
1:34 of 2nd period - Shot Misses the Net.
1:34 of 2nd period - Puck is out of play.
1:35 of 2nd period - Boyd Devereaux wins face-off versus Scott Gomez in Kings zone.
1:35 of 2nd period - Boyd Devereaux is hit by Scott Gomez.
1:41 of 2nd period - Slapshot by Jay Bouwmeester.
1:41 of 2nd period - Stopped by Jocelyn Thibault without a rebound.
1:42 of 2nd period - Scott Gomez wins face-off versus Boyd Devereaux in Blackhawks zone.
1:42 of 2nd period - Scott Gomez is hit by Patric Hornqvist.
2:20 of 2nd period - Snap shot by Anze Kopitar.
2:20 of 2nd period - Stopped by Jocelyn Thibault without a rebound.
2:21 of 2nd period - Randy Robitaille wins face-off versus Scott Gomez in Blackhawks zone.
2:46 of 2nd period - Anze Kopitar is hit by George Parros and loses puck.
3:19 of 2nd period - Slapshot by Christian Ehrhoff.
3:19 of 2nd period - Deflect By Dominic Moore.
3:19 of 2nd period - Shot Blocked by Patric Hornqvist.
3:19 of 2nd period - Puck is out of play.
3:20 of 2nd period - Joe Sakic wins face-off versus Pascal Dupuis in Kings zone.
3:23 of 2nd period - Wrist shot by Joe Sakic.
3:23 of 2nd period - Stopped by Tyler Weiman with a rebound.
3:25 of 2nd period - Snap shot by Joe Sakic.
3:25 of 2nd period - Stopped by Tyler Weiman without a rebound.
3:26 of 2nd period - Mike Cammalleri wins face-off versus Joe Sakic in Kings zone.
4:09 of 2nd period - Wrist shot by Mike Cammalleri.
4:09 of 2nd period - Shot Blocked by Brent Burns.
4:12 of 2nd period - Icing by Joe Sakic.
4:13 of 2nd period - Joe Sakic wins face-off versus Anze Kopitar in Blackhawks zone.
4:31 of 2nd period - Off-side.
4:32 of 2nd period - Boyd Devereaux wins face-off versus Scott Gomez in neutral zone.
4:58 of 2nd period - Derek Boogaard is hit by Colby Armstrong and loses puck.
5:17 of 2nd period - Randy Robitaille is hit by Dominic Moore and loses puck.
6:30 of 2nd period - Minor Penalty to Joe Sakic for Boarding.
6:31 of 2nd period - Chris Gratton wins face-off versus Anze Kopitar in Blackhawks zone.
6:44 of 2nd period - Snap shot by Henrik Zetterberg.
6:44 of 2nd period - Stopped by Jocelyn Thibault without a rebound.
6:45 of 2nd period - Anze Kopitar wins face-off versus Chris Gratton in Blackhawks zone.
6:46 of 2nd period - Wrist shot by Patrick Kane.
6:46 of 2nd period - Stopped by Jocelyn Thibault with a rebound.
6:48 of 2nd period - Slapshot by Jay Bouwmeester.
6:48 of 2nd period - Stopped by Jocelyn Thibault with a rebound.
6:52 of 2nd period - Snap shot by Henrik Zetterberg.
6:52 of 2nd period - Shot Misses the Net.
7:08 of 2nd period - Patrick Kane is hit by Kris Versteeg and loses puck.
7:51 of 2nd period - Slapshot by Henrik Zetterberg.
7:51 of 2nd period - Shot Misses the Net.
7:53 of 2nd period - Slapshot by Sergei Gonchar.
7:53 of 2nd period - Shot Blocked by Steve McCarthy.
7:55 of 2nd period - Slapshot by Jay Bouwmeester.
7:55 of 2nd period - Stopped by Jocelyn Thibault with a rebound.
7:57 of 2nd period - Slapshot by Anze Kopitar.
7:57 of 2nd period - Stopped by Jocelyn Thibault without a rebound.
7:58 of 2nd period - Mike Cammalleri wins face-off versus Chris Gratton in Blackhawks zone.
8:30 of 2nd period - Penalty to Joe Sakic is over, Joe Sakic is back on ice.
8:43 of 2nd period - Snap shot by Scott Gomez.
8:43 of 2nd period - Shot Misses the Net.
9:11 of 2nd period - Mike Cammalleri is hit by Richard Matvichuk and loses puck.
10:11 of 2nd period - Wrist shot by Scott Gomez.
10:11 of 2nd period - Stopped by Tyler Weiman without a rebound.
10:12 of 2nd period - Scott Gomez wins face-off versus Boyd Devereaux in Kings zone.
10:15 of 2nd period - Snap shot by Hnat Domenichelli.
10:15 of 2nd period - Shot Misses the Net.
11:26 of 2nd period - Wrist shot by Mike Cammalleri.
11:26 of 2nd period - Shot Misses the Net.
11:28 of 2nd period - Snap shot by Matt Pettinger.
11:28 of 2nd period - Deflect By Pascal Dupuis.
11:28 of 2nd period - Shot Misses the Net.
11:28 of 2nd period - Puck is out of play.
11:29 of 2nd period - Anze Kopitar wins face-off versus Scott Gomez in Blackhawks zone.
11:36 of 2nd period - Snap shot by Patrick Kane.
11:36 of 2nd period - Stopped by Jocelyn Thibault with a rebound.
11:38 of 2nd period - Snap shot by Adrian Aucoin.
11:38 of 2nd period - Stopped by Jocelyn Thibault without a rebound.
11:39 of 2nd period - Scott Gomez wins face-off versus Anze Kopitar in Blackhawks zone.
11:39 of 2nd period - Scott Gomez is hit by Anze Kopitar.
11:49 of 2nd period - Wrist shot by Patrick Kane.
11:49 of 2nd period - Shot Blocked by Rene Bourque.
11:51 of 2nd period - Wrist shot by Patrick Kane.
11:51 of 2nd period - Goal by Patrick Kane - Kings : 2 - Blackhawks : 4.
11:52 of 2nd period - Scott Gomez wins face-off versus Anze Kopitar in neutral zone.
12:02 of 2nd period - Scott Gomez is hit by Adrian Aucoin and loses puck.
12:26 of 2nd period - Wrist shot by Kris Versteeg.
12:26 of 2nd period - Stopped by Tyler Weiman without a rebound.
12:27 of 2nd period - Patrick Kane wins face-off versus Scott Gomez in Kings zone.
12:42 of 2nd period - Minor Penalty to Rene Bourque for Slashing.
12:43 of 2nd period - Anze Kopitar wins face-off versus Joe Sakic in Blackhawks zone.
12:54 of 2nd period - Off-side.
12:55 of 2nd period - Joe Sakic wins face-off versus Anze Kopitar in neutral zone.
13:30 of 2nd period - Slapshot by Jay Bouwmeester.
13:30 of 2nd period - Stopped by Jocelyn Thibault with a rebound.
13:32 of 2nd period - Slapshot by Jay Bouwmeester.
13:32 of 2nd period - Shot Blocked by Stephane Robidas.
13:34 of 2nd period - Slapshot by Jay Bouwmeester.
13:34 of 2nd period - Shot Blocked by Steve McCarthy.
13:36 of 2nd period - Snap shot by Mike Cammalleri.
13:36 of 2nd period - Shot Blocked by Steve McCarthy.
13:58 of 2nd period - Stephane Robidas is hit by Derek Boogaard and loses puck.
14:12 of 2nd period - Icing by Patrick Kane.
14:13 of 2nd period - Anze Kopitar wins face-off versus Chris Gratton in Kings zone.
14:13 of 2nd period - Anze Kopitar is hit by Chris Gratton.
14:42 of 2nd period - Penalty to Rene Bourque is over, Rene Bourque is back on ice.
14:55 of 2nd period - Loui Eriksson is hit by Colton Orr and loses puck.
15:42 of 2nd period - Snap shot by Kris Versteeg.
15:42 of 2nd period - Deflect By Joe Sakic.
15:42 of 2nd period - Shot Blocked by Anze Kopitar.
15:42 of 2nd period - Puck is out of play.
15:43 of 2nd period - Anze Kopitar wins face-off versus Joe Sakic in Kings zone.
15:48 of 2nd period - Richard Matvichuk is hit by Anze Kopitar and loses puck.
16:16 of 2nd period - Snap shot by Henrik Zetterberg.
16:16 of 2nd period - Goal by Henrik Zetterberg - Kings : 3 - Blackhawks : 4.
16:17 of 2nd period - Anze Kopitar wins face-off versus Joe Sakic in neutral zone.
16:32 of 2nd period - Backhand shot by Joe Sakic.
16:32 of 2nd period - Shot Misses the Net.
17:09 of 2nd period - Snap shot by Keith Tkachuk.
17:09 of 2nd period - Shot Hit the Post.
17:21 of 2nd period - Snap shot by Joe Sakic.
17:21 of 2nd period - Shot Misses the Net.
17:23 of 2nd period - Slapshot by Chris Campoli.
17:23 of 2nd period - Deflect By Kris Versteeg.
17:23 of 2nd period - Stopped by Tyler Weiman without a rebound.
17:24 of 2nd period - Joe Sakic wins face-off versus Anze Kopitar in Kings zone.
17:58 of 2nd period - Slapshot by Henrik Zetterberg.
17:58 of 2nd period - Shot Blocked by Richard Matvichuk.
18:05 of 2nd period - Icing by Chris Campoli.
18:06 of 2nd period - Mike Cammalleri wins face-off versus Scott Gomez in Blackhawks zone.
18:17 of 2nd period - Slapshot by Anze Kopitar.
18:17 of 2nd period - Stopped by Jocelyn Thibault without a rebound.
18:18 of 2nd period - Anze Kopitar wins face-off versus Joe Sakic in Blackhawks zone.
18:21 of 2nd period - Wrist shot by Patrick Kane.
18:21 of 2nd period - Stopped by Jocelyn Thibault without a rebound.
18:22 of 2nd period - Anze Kopitar wins face-off versus Joe Sakic in Blackhawks zone.
18:31 of 2nd period - Kris Versteeg is hit by Derek Boogaard.
18:51 of 2nd period - Colby Armstrong is hit by Patric Hornqvist and loses puck.
19:02 of 2nd period - Snap shot by Adrian Aucoin.
19:02 of 2nd period - Stopped by Jocelyn Thibault without a rebound.
19:03 of 2nd period - Mike Cammalleri wins face-off versus Scott Gomez in Blackhawks zone.
19:12 of 2nd period - Wrist shot by Rene Bourque.
19:12 of 2nd period - Stopped by Tyler Weiman without a rebound.
19:13 of 2nd period - Mike Cammalleri wins face-off versus Rene Bourque in Kings zone.
19:18 of 2nd period - Slapshot by Rene Bourque.
19:18 of 2nd period - Shot Misses the Net.
19:30 of 2nd period - Wrist shot by Scott Gomez.
19:30 of 2nd period - Stopped by Tyler Weiman without a rebound.
19:31 of 2nd period - Boyd Devereaux wins face-off versus Joe Sakic in Kings zone.
19:41 of 2nd period - Kris Versteeg is hit by Jay Bouwmeester and loses puck.
Goals for this period are 3 for Kings vs 1 for Blackhawks.
Shots for this period are 16 for Kings vs 10 for Blackhawks.
3rd period
0:01 of 3rd period - Joe Sakic wins face-off versus Anze Kopitar in neutral zone.
0:10 of 3rd period - Snap shot by Kris Versteeg.
0:10 of 3rd period - Stopped by Tyler Weiman with a rebound.
0:12 of 3rd period - Wrist shot by George Parros.
0:12 of 3rd period - Shot Hit the Post.
0:14 of 3rd period - Slapshot by Christian Ehrhoff.
0:14 of 3rd period - Shot Blocked by Jay Bouwmeester.
1:52 of 3rd period - Off-side.
1:53 of 3rd period - Anze Kopitar wins face-off versus Hnat Domenichelli in neutral zone.
1:56 of 3rd period - Snap shot by Patrick Kane.
1:56 of 3rd period - Shot Misses the Net.
1:58 of 3rd period - Slapshot by Travis Hamonic.
1:58 of 3rd period - Stopped by Jocelyn Thibault without a rebound.
1:59 of 3rd period - Anze Kopitar wins face-off versus Joe Sakic in Blackhawks zone.
2:37 of 3rd period - Wrist shot by Loui Eriksson.
2:37 of 3rd period - Shot Misses the Net.
2:53 of 3rd period - Slapshot by Patrick Kane.
2:53 of 3rd period - Stopped by Jocelyn Thibault without a rebound.
2:53 of 3rd period - Minor Penalty to Jocelyn Thibault for Slashing.
2:54 of 3rd period - Joe Sakic wins face-off versus Derek Boogaard in Blackhawks zone.
4:40 of 3rd period - Adrian Aucoin is hit by George Parros.
4:53 of 3rd period - Penalty to Rene Bourque is over, Rene Bourque is back on ice.
4:55 of 3rd period - Brent Burns is hit by Jay Bouwmeester and loses puck.
5:39 of 3rd period - Boyd Devereaux is hit by Chris Gratton.
6:29 of 3rd period - Pascal Dupuis is hit by Hnat Domenichelli.
7:27 of 3rd period - Slapshot by Stephane Robidas.
7:27 of 3rd period - Shot Blocked by Ladislav Smid.
7:40 of 3rd period - Slapshot by Adrian Aucoin.
7:40 of 3rd period - Shot Misses the Net.
8:01 of 3rd period - Slapshot by Scott Gomez.
8:01 of 3rd period - Stopped by Tyler Weiman with a rebound.
8:03 of 3rd period - Snap shot by Scott Gomez.
8:03 of 3rd period - Stopped by Tyler Weiman with a rebound.
8:05 of 3rd period - Slapshot by Chris Campoli.
8:05 of 3rd period - Stopped by Tyler Weiman with a rebound.
8:25 of 3rd period - Wrist shot by Patrick Kane.
8:25 of 3rd period - Shot Misses the Net.
9:10 of 3rd period - Slapshot by Jay Bouwmeester.
9:10 of 3rd period - Deflect By Randy Robitaille.
9:10 of 3rd period - Stopped by Jocelyn Thibault without a rebound.
9:11 of 3rd period - Scott Gomez wins face-off versus Randy Robitaille in Blackhawks zone.
9:16 of 3rd period - Sergei Gonchar is hit by Rene Bourque and loses puck.
9:58 of 3rd period - Icing by Loui Eriksson.
9:59 of 3rd period - Joe Sakic wins face-off versus Mike Cammalleri in Blackhawks zone.
10:10 of 3rd period - Slapshot by Christian Ehrhoff.
10:10 of 3rd period - Stopped by Tyler Weiman with a rebound.
10:12 of 3rd period - Wrist shot by Joe Sakic.
10:12 of 3rd period - Shot Blocked by Johnny Oduya.
10:14 of 3rd period - Slapshot by Christian Ehrhoff.
10:14 of 3rd period - Shot Misses the Net.
10:20 of 3rd period - Minor Penalty to Matt Pettinger for Holding.
10:21 of 3rd period - Joe Sakic wins face-off versus Boyd Devereaux in Kings zone.
10:34 of 3rd period - Johnny Oduya is hit by Steve McCarthy and loses puck.
11:41 of 3rd period - Christian Ehrhoff is hit by Keith Tkachuk.
11:45 of 3rd period - Brent Burns is hit by Randy Robitaille and loses puck.
12:20 of 3rd period - Penalty to Matt Pettinger is over, Matt Pettinger is back on ice.
12:33 of 3rd period - Travis Hamonic is hit by Loui Eriksson and loses puck.
12:55 of 3rd period - Snap shot by Daniel Carcillo.
12:55 of 3rd period - Shot Misses the Net.
13:45 of 3rd period - Minor Penalty to Chris Campoli for Hooking.
13:46 of 3rd period - Joe Sakic wins face-off versus Anze Kopitar in Blackhawks zone.
13:59 of 3rd period - Wrist shot by Anze Kopitar.
13:59 of 3rd period - Stopped by Jocelyn Thibault without a rebound.
14:00 of 3rd period - Joe Sakic wins face-off versus Anze Kopitar in Blackhawks zone.
14:13 of 3rd period - Slapshot by Anze Kopitar.
14:13 of 3rd period - Shot Blocked by Christian Ehrhoff.
14:15 of 3rd period - Slapshot by Adrian Aucoin.
14:15 of 3rd period - Stopped by Jocelyn Thibault without a rebound.
14:16 of 3rd period - Joe Sakic wins face-off versus Anze Kopitar in Blackhawks zone.
14:23 of 3rd period - Wrist shot by Kris Versteeg.
14:23 of 3rd period - Stopped by Tyler Weiman without a rebound.
14:24 of 3rd period - Joe Sakic wins face-off versus Anze Kopitar in Kings zone.
14:29 of 3rd period - Snap shot by Joe Sakic.
14:29 of 3rd period - Stopped by Tyler Weiman with a rebound.
14:59 of 3rd period - Wrist shot by Derek Boogaard.
14:59 of 3rd period - Shot Misses the Net.
15:45 of 3rd period - Penalty to Chris Campoli is over, Chris Campoli is back on ice.
15:58 of 3rd period - Randy Robitaille is hit by Rene Bourque.
16:04 of 3rd period - Snap shot by Keith Tkachuk.
16:04 of 3rd period - Stopped by Jocelyn Thibault with a rebound.
18:00 of 3rd period - Snap shot by Christian Ehrhoff.
18:00 of 3rd period - Goal by Christian Ehrhoff - Kings : 3 - Blackhawks : 5.
18:01 of 3rd period - Chris Gratton wins face-off versus Anze Kopitar in neutral zone.
18:16 of 3rd period - Slapshot by Chris Gratton.
18:16 of 3rd period - Stopped by Tyler Weiman without a rebound.
18:16 of 3rd period - Minor Penalty to Chris Gratton for Interference.
18:17 of 3rd period - Joe Sakic wins face-off versus Anze Kopitar in Blackhawks zone.
18:24 of 3rd period - Sergei Gonchar is hit by Kris Versteeg and loses puck.
18:43 of 3rd period - Derek Boogaard is hit by George Parros and loses puck.
19:20 of 3rd period - Snap shot by Kris Versteeg.
19:20 of 3rd period - Shot Blocked by Johnny Oduya.
19:32 of 3rd period - Joe Sakic is hit by Henrik Zetterberg and loses puck.
19:54 of 3rd period - Sergei Gonchar is hit by Steve McCarthy and loses puck.
Goals for this period are 0 for Kings vs 1 for Blackhawks.
Shots for this period are 6 for Kings vs 9 for Blackhawks.
Output by the SimonT Hockey Simulator (STHS) for François Prévost -- Original Page W3C XHTML 1.0 Valid